 Dungeon Crawl Stone Soup version 0.31.0-12-g77e489cdc1 (webtiles) character file.

Game seed: 17710929250264601169

717 hawla the Ducker (level 7, -37/40 HPs)
             Began as a Deep Elf Fire Elementalist on Feb 11, 2024.
             Was an Initiate of Vehumet.
             Annihilated by an ogre
             ... wielding a +0 giant spiked club
              (58 damage)
             ... on level 5 of the Dungeon.
             The game lasted 00:12:46 (4626 turns).

hawla the Ducker (Deep Elf Fire Elementalist)       Turns: 4626, Time: 00:12:46

Health: -37/40     AC:  4    Str:  5    XL:     7   Next: 42%
Magic:  0/13       EV:  2    Int: 22    God:    Vehumet [......]
Gold:   67         SH:  0    Dex: 15    Spells: 5/12 levels left

rFire   + . .        d - +4 dagger (venom)
rCold   x . .        i - +0 buckler
rNeg    . . .        a - +1 robe
rPois   .            (no helmet)
rElec   .            (no cloak)
rCorr   .            l - +0 pair of gloves
SInv    .            (no boots)
Will    .....        (no amulet)
Stlth   +++          p - ring of fire
HPRegen 0.26/turn    (no ring)
MPRegen 0.13/turn

%: no passive effects
@: sleeping, very slightly contaminated
A: no striking features
a: Renounce Religion


You were on level 5 of the Dungeon.
You worshipped Vehumet.
Vehumet was noncommittal.
You visited 1 branch of the dungeon, and saw 5 of its levels.

You collected 273 gold pieces.
You spent 206 gold pieces at shops.

Inventory:

Hand Weapons
 d - a +4 dagger of venom (weapon)
 v - the +10 spear of the Rescuing Sybil {protect, rCorr Stlth+}
   (You found it on level 5 of the Dungeon)

   rCorr:     It protects you from acid and corrosion.
   Stlth+:    It makes you more stealthy.
Armour
 a - a +1 robe (worn)
 i - a +0 buckler (worn)
 l - a +0 pair of gloves (worn)
Jewellery
 g - a ring of flight
 h - a ring of protection from cold
 p - a ring of fire (left hand)
Wands
 n - a wand of iceblast (4) (quivered)
 o - a wand of flame (13)
 t - a wand of charming (7)
Scrolls
 m - 3 scrolls of identify
 q - a scroll of fog
Potions
 b - a potion of magic
 c - 2 potions of curing
 f - a potion of brilliance
 j - a potion of cancellation {unknown}
 k - a potion of berserk rage {unknown}
 r - 3 potions of haste {unknown}
 s - a potion of lignification {unknown}
 u - a potion of enlightenment {unknown}


   Skills:
 - Level 2.0 Fighting
 - Level 5.0 Dodging
 - Level 4.0 Stealth
 + Level 4.6 Shields
 - Level 3.0 Spellcasting
 - Level 3.0 Conjurations
 - Level 3.2 Fire Magic


You had 5 spell levels left.
You knew the following spells:

 Your Spells              Type           Power      Damage    Failure   Level
a - Foxfire               Conj/Fire      100%       2x1d9     6%          1
b - Scorch                Fire           52%        2d7       9%          2
c - Flame Wave            Conj/Fire      25%        2d8       50%         4

Your spell library contained the following spells:

 Spells                   Type           Power      Damage    Failure   Level
 Summon Small Mammal      Summ           12%        N/A       21%         1
 Lesser Beckoning         Tloc           6%         N/A       30%         2
 Inner Flame              Hex/Fire       15%        N/A       32%         3
 Volatile Blastmotes      Fire/Tloc      30%        2d12      32%         3
 Call Canine Familiar     Summ           3%         N/A       52%         3
 Gell's Gravitas          Tloc           3%         N/A       52%         3
 Teleport Other           Tloc           3%         N/A       52%         3
 Summon Blazeheart Golem  Fire/Summ      15%        N/A       71%         4
 Animate Dead             Necr           3%         N/A       90%         4
 Borgnjor's Vile Clutch   Necr/Erth      1%         N/A       99%         5
 Death Channel            Necr           1%         N/A       100%        6


Dungeon Overview and Level Annotations

Branches:
Dungeon (5/15)
 Temple: D:4-7

Altars:
Vehumet

Shops:
D:5 **


Message History

The sleepcap is moderately damaged.
The iceblast engulfs the ogre!
The ogre is severely wounded.
Unknown command.
Casting: Scorch (safe; 9% risk of failure)
Confirm with . or Enter, or press ? or * to list all spells.
Casting: Flame Wave (extremely dangerous; 50% risk of failure)
Press: ? - help, Dir - look around, f - activate You feel a surge of power!
You miscast Flame Wave.
You are very lightly contaminated with residual magic.
The air around you crackles with energy!
The ogre hits you with a +0 giant spiked club!!
Unknown command.
Casting: Flame Wave (extremely dangerous; 50% risk of failure)
Confirm with . or Enter, or press ? or * to list all spells.
You don't have enough magic to cast this spell.
Okay, then.
You feel much better. The ogre barely misses you.
Casting: Flame Wave (extremely dangerous; 50% risk of failure)
Confirm with . or Enter, or press ? or * to list all spells.
Okay, then.
Casting: Flame Wave (extremely dangerous; 50% risk of failure)
Confirm with . or Enter, or press ? or * to list all spells.
You feel a surge of power!
Flames lash the ogre.
The ogre is severely wounded.
The ogre's fire resistance burns away.
The sleepcap releases spores at you.
Casting: Scorch (safe; 9% risk of failure)
Confirm with . or Enter, or press ? or * to list all spells.
You feel a surge of power!
Flames lash the sleepcap.
The sleepcap is heavily damaged.
The sleepcap's fire resistance burns away.
You block the ogre's attack. The sleepcap barely misses you.
You hit the sleepcap.
The sleepcap is severely damaged.
The sleepcap releases spores at you!
You are engulfed in a cloud of soporific spores!
You fall asleep.
The ogre hits you with a +0 giant spiked club!!!
Ouch! That really hurt!
You die...

..# ..# ....... .# ##
..# .......##.#.. ..#
.........#'## ..#
#......$...# ..#
#..........# ..#
#.!........# +##
#...Of.!...#
.###########....@.....+
......................##
######.####.............
# #.####........(...# #
#....#.........).## #
####.............# #
##............# #
########...........# #
#..................#


You could see an ogre (combustible) and a sleepcap (combustible).

Vanquished Creatures
  An ogre (D:4)
  A phantom (D:5)
  2 scorpions (D:5)
  3 hounds
  2 jellies
  3 orc wizards
  6 adders
  5 gnolls
  2 ribbon worms
  20 orcs
  4 bats
  6 endoplasms
  5 giant cockroaches
  7 goblins
  6 hobgoblins
  2 jackals (D:1)
  4 quokkas
  9 ball pythons
  4 frilled lizards
  6 kobolds
  2 rats (D:3)
100 creatures vanquished.

Vanquished Creatures (others)
  72 foxfires
72 creatures vanquished.

Grand Total: 172 creatures vanquished

Notes
Turn   | Place    | Note
-------+----------+-------------------------------------------
     0 | D:1      | hawla the Deep Elf Fire Elementalist began the quest for
                  | the Orb.
     0 | D:1      | Reached XP level 1. HP: 10/10 MP: 6/6
   133 | D:1      | Reached skill level 1 in Fighting
   390 | D:1      | Reached XP level 2. HP: 16/16 MP: 8/8
  1147 | D:2      | Reached XP level 3. HP: 21/21 MP: 6/9
  1477 | D:2      | Learned a level 2 spell: Scorch
  1632 | D:2      | You fall into a shaft and drop 2 floors!
  1640 | D:4      | Reached XP level 4. HP: 26/26 MP: 10/10
  2094 | D:2      | Reached XP level 5. HP: 19/30 MP: 11/11
  2616 | D:3      | Reached skill level 3 in Dodging
  2616 | D:3      | Reached skill level 1 in Shields
  3021 | D:3      | Found a radiant altar of Vehumet.
  3047 | D:3      | Became a worshipper of Vehumet
  3321 | D:4      | Noticed an ogre
  3329 | D:4      | Killed an ogre
  3330 | D:4      | Reached skill level 4 in Dodging
  3330 | D:4      | Reached XP level 6. HP: 35/35 MP: 12/12
  3398 | D:4      | Identified the +1 ring mail of Curiwn {rPois rC++ rCorr
                  | Str-3}
  3469 | D:4      | Learned a level 4 spell: Flame Wave
  3607 | D:4      | Reached skill level 5 in Dodging
  3727 | D:5      | Entered Level 5 of the Dungeon
  3734 | D:5      | Found Rakig's Specific Store.
  3737 | D:5      | Found Baerupt's General Store.
  3753 | D:5      | Bought a scroll of identify for 22 gold pieces
  3753 | D:5      | Bought a wand of charming (7) for 184 gold pieces
  4031 | D:5      | Identified the +10 spear of the Rescuing Sybil {protect,
                  | rCorr Stlth+}
  4044 | D:5      | Reached XP level 7. HP: 40/40 MP: 6/13
  4626 | D:5      | Annihilated by an ogre

Illustrated notes

Levels and vault maps discovered:
D:1:      nicolae_arrival_somewhat_less_tricky_arrival, layout_basic,
          kennysheep_boxes
D:2:      layout_basic
D:3:      layout_rooms, fiery_altar_vehumet, corexii_item_surrounded_by_moat
D:4:      layout_basic, cheibrodos_gnoll_hut
D:5:      layout_basic, minivault_27, nicolae_specific_store, uniq_grinder,
          uniq_crazy_yiuf_cottage

Skill      XL: |  1  2  3  4  5  6  7 |
---------------+----------------------+-----
Fighting       | 1 2 |  2.0
Stealth        | 4 |  4.0
Conjurations   | 3 |  3.0
Dodging        | 4 5 |  5.0
Shields        | 2 3 4 |  4.6
Spellcasting   | |  3.0
Fire Magic     | |  3.2

Action                     |  1- 3 |  4- 6 |  7- 9 || total
---------------------------+-------+-------+-------++-------
  Melee: Dagger            |    58 |    87 |     7 ||   152
   Cast: Foxfire           |    16 |    22 |     2 ||    40
         Scorch            |       |    20 |     8 ||    28
         Flame Wave        |       |     3 |       ||     3
  Evoke: Wand              |       |     2 |     2 ||     4
    Use: Scroll            |     5 |     8 |     1 ||    14
         Potion            |       |     3 |     2 ||     5
   Stab: Sleeping          |    10 |     2 |     1 ||    13
 Armour: Robe              |    28 |    91 |    10 ||   129
  Dodge: Dodged            |    34 |    87 |     6 ||   127
  Block: Buckler           |     4 |    37 |     1 ||    42
